 Dungeon Crawl Stone Soup version 0.26-a0-1164-g1a551d6a14 (webtiles) character file.

Game seed: 9020247816698501160

866 uibert the Reanimator (level 7, -6/49 HPs)
             Began as a Demonspawn Necromancer on Dec 23, 2020.
             Was an Initiate of Sif Muna.
             Mangled by a troll (8 damage)
             ... on level 6 of the Dungeon.
             The game lasted 00:27:51 (7173 turns).

uibert the Reanimator (Demonspawn Necromancer)      Turns: 7173, Time: 00:27:52

Health: -6/49      AC:  7    Str: 10    XL:     7   Next: 72%
Magic:  3/11       EV: 14    Int: 18    God:    Sif Muna [......]
Gold:   269        SH:  0    Dex: 10    Spells: 6/11 levels left

rFire    + . .     SeeInvis .   r - +2 whip (elec)
rCold    . . .     Faith    .   (no shield)
rNeg     . . .     Spirit   .   s - +2 robe {Will+}
rPois    .         Reflect  .   l - +2 hat
rElec    .         Harm     .   (no cloak)
rCorr    .         Rampage  .   a - +0 pair of gloves
Will     ++...     Rnd*Tele +   (no boots)
Stlth    +++.......             (no amulet)
HPRegen  0.16/turn              f - ring of stealth
MPRegen  0.12/turn              x - ring of willpower

@: no status effects
A: repulsion field 1, clever 1, clumsy 2, fire resistance 1, powered by pain 2,
teleportitis 1, evolution 1
a: Renounce Religion


You were on level 6 of the Dungeon.
You worshipped Sif Muna.
Sif Muna was noncommittal.
You visited 2 branches of the dungeon, and saw 7 of its levels.

You collected 269 gold pieces.

Inventory:

Hand Weapons
 r - a +2 whip of electrocution (weapon)
Missiles
 i - 27 poisoned darts (quivered)
 u - 89 stones
Armour
 a - a +0 pair of gloves (worn)
 l - a +2 hat (worn)
 s - a +2 robe of willpower (worn)
Jewellery
 f - a ring of stealth (left hand)
 x - a ring of willpower (right hand)
Scrolls
 b - a scroll of enchant weapon
 c - 2 scrolls of teleportation
 d - a scroll of magic mapping
 g - 2 scrolls of enchant armour
 o - 2 scrolls of remove curse
 p - a scroll of immolation
Potions
 e - 2 potions of magic
 j - a potion of resistance
 k - a potion of ambrosia
 m - a potion of haste
 n - a potion of attraction
 v - a potion of flight
 w - a potion of curing {unknown}


   Skills:
 + Level 1.8 Fighting
 + Level 1.7 Armour
 + Level 2.6 Dodging
 - Level 1.7 Stealth
 + Level 2.8 Spellcasting
 * Level 9.1 Necromancy
 + Level 2.0 Invocations


You had 6 spell levels left.
You knew the following spells:

 Your Spells              Type           Power        Failure   Level
a - Pain                  Necr           100%         1%          1
b - Animate Skeleton      Necr           70%          1%          1
c - Vampiric Draining     Necr           17%          1%          3

Your spell library contained the following spells:

 Spells                   Type           Power        Failure   Level
 Animate Dead             Necr           17%          3%          4
 Agony                    Necr           35%          11%         5


Dungeon Overview and Level Annotations

Branches:
Dungeon (6/15)             Temple (1/1) D:5

Altars:
Ashenzari
Cheibriados
Dithmenos
Elyvilon
Fedhas
Gozag
Hepliaklqana
Kikubaaqudgha
Nemelex Xobeh
Okawaru
Qazlal
Ru
Sif Muna
Trog
Uskayaw
Wu Jian
Xom
Yredelemnul
The Shining One

Annotations:
D:3 Grinder


Innate Abilities, Weirdness & Mutations

You are surrounded by a mild repulsion field. (EV +2)
Your flesh is heat resistant. (rF+)
You sometimes gain power by taking damage.
Your mind is acute. (Int +2)
You are very clumsy. (Dex -4)
You are occasionally teleported next to monsters.
You evolve.


Message History

Confirm with . or Enter, or press ? or * to list all spells.
Aiming: Vampiric Draining (safe; 1% risk of failure)
Press: ? - help, Shift-Dir - straight line, f/p - troll
Aim: a troll (moderately wounded)
The troll is severely wounded.
You feel life coursing into your body. The troll bites you!
The troll claws you!
* * * LOW HITPOINT WARNING * * *
The troll claws you!
* * * LOW HITPOINT WARNING * * *
Casting: Vampiric Draining (safe; 1% risk of failure)
Confirm with . or Enter, or press ? or * to list all spells.
Aiming: Vampiric Draining (safe; 1% risk of failure)
Press: ? - help, Shift-Dir - straight line, f/p - troll
Aim: a troll (heavily wounded)
The troll is almost dead.
You feel life coursing into your body. The troll bites you!
* * * LOW HITPOINT WARNING * * *
The troll claws you!
You die...

..o ... .? ........ # #
###. ....( #### .# #
#.. ..#.. ..# .#.#
#†####.#.# #.# ... #
#.#<.#.#§# #.##.# #
#.##@#.#§####....# #
#...T#.§§§§§...######
###..§§§§§§§§........
....'...§§§§§§.........
!####...##§§§§.........
#...##)§...........
#...##.............
#...##.............
######........#####


You could see a troll.

Vanquished Creatures
  An ice beast (D:6)
  An ogre (D:5)
  A bullfrog (D:5)
  A scorpion (D:4)
  A water moccasin skeleton (D:5)
  3 orc priests
  3 orc wizards (D:4)
  Jessica (D:2)
  An iguana (D:6)
  3 worker ants
  2 hound zombies (D:6)
  A hound skeleton (D:5)
  5 adders
  2 shadow imps (D:5)
  An ufetubus (D:5)
  An adder zombie (D:5)
  3 worms (D:2)
  6 leopard geckos
  13 orcs
  4 bats
  4 giant cockroaches
  4 goblins
  4 hobgoblins
  19 jackals
  2 quokkas
  2 ball pythons (D:2)
  5 frilled lizards
  7 kobolds
  A leopard gecko zombie (D:5)
  A quokka skeleton (D:5)
  6 rats
109 creatures vanquished.

Vanquished Creatures (collateral kills)
  An orc wizard (D:4)
  A worm (D:2)
  A giant cockroach (D:4)
  A hobgoblin (D:2)
  2 jackals (D:2)
  A bat (D:2)
  A rat (D:2)
8 creatures vanquished.

Vanquished Creatures (others)
  7 plants (D:4)
7 creatures vanquished.

Grand Total: 124 creatures vanquished

Notes
Turn   | Place    | Note
-------+----------+-------------------------------------------
     0 | D:1      | uibert the Demonspawn Necromancer began the quest for the
                  | Orb.
     0 | D:1      | Reached XP level 1. HP: 13/13 MP: 3/3
     2 | D:1      | Learned a level 1 spell: Animate Skeleton
   291 | D:1      | Gained mutation: You sometimes gain a little power by
                  | taking damage. [demonic ancestry]
   291 | D:1      | Reached XP level 2. HP: 17/19 MP: 1/5
   340 | D:1      | Reached skill level 5 in Necromancy
   637 | D:1      | You fall into a shaft and drop 1 floor!
   770 | D:2      | Reached XP level 3. HP: 19/24 MP: 2/6
   853 | D:2      | HP: 1/24 [leopard gecko (1)]
  1602 | D:1      | Reached skill level 6 in Necromancy
  2387 | D:2      | Noticed Jessica
  2391 | D:2      | Killed Jessica
  2392 | D:2      | Gained mutation: You sometimes gain power by taking damage.
                  | [demonic ancestry]
  2392 | D:2      | Reached XP level 4. HP: 23/30 MP: 3/7
  3199 | D:2      | Learned a level 3 spell: Vampiric Draining
  3253 | D:3      | Gained mutation: You are clumsy. (Dex -2) [potion of
                  | mutation]
  3253 | D:3      | Gained mutation: You are very clumsy. (Dex -4) [potion of
                  | mutation]
  3253 | D:3      | Gained mutation: You evolve. [potion of mutation]
  3269 | D:3      | Reached skill level 7 in Necromancy
  3269 | D:3      | Gained mutation: You are surrounded by a mild repulsion
                  | field. (EV +2) [demonic ancestry]
  3269 | D:3      | Reached XP level 5. HP: 9/35 MP: 0/8
  3431 | D:3      | Gained mutation: Your mind is acute. (Int +2) [evolution]
  3646 | D:3      | Noticed Grinder
  3659 | D:3      | Paralysed by Grinder for 4 turns
  3865 | D:4      | Found an opulent altar of Gozag.
  4108 | D:4      | Reached skill level 8 in Necromancy
  4108 | D:4      | Reached XP level 6. HP: 36/41 MP: 3/9
  4398 | D:4      | Found a blossoming altar of Fedhas.
  5040 | D:5      | Entered Level 5 of the Dungeon
  5115 | D:5      | Found a sacrificial altar of Ru.
  5115 | D:5      | Found a shimmering altar of Xom.
  5115 | D:5      | Found an ornate altar of the Wu Jian Council.
  5503 | D:5      | Found a white marble altar of Elyvilon.
  5513 | D:5      | Found a staircase to the Ecumenical Temple.
  5533 | Temple   | Entered the Ecumenical Temple
  5748 | Temple   | Became a worshipper of Sif Muna the Loreminder
  6150 | D:5      | Found a snail-covered altar of Cheibriados.
  6168 | D:5      | Found a bloodstained altar of Trog.
  6169 | D:5      | Found an iron altar of Okawaru.
  6169 | D:5      | Found a glowing golden altar of the Shining One.
  6205 | D:5      | Reached skill level 1 in Fighting
  6205 | D:5      | Reached skill level 1 in Armour
  6205 | D:5      | Gained mutation: Your flesh is heat resistant. (rF+)
                  | [demonic ancestry]
  6205 | D:5      | Reached XP level 7. HP: 28/48 MP: 0/10
  6334 | D:6      | Reached skill level 1 in Invocations
  6544 | D:5      | Gained mutation: You are occasionally teleported next to
                  | monsters. [evolution]
  6682 | D:5      | Reached skill level 9 in Necromancy
  7118 | D:6      | Noticed a troll
  7173 | D:6      | HP: 2/49 [troll (11)]
  7173 | D:6      | Mangled by a troll

Illustrated notes

Levels and vault maps discovered:
D:1:      heliophobic_arrival_dark_side_of_the_moon, layout_basic
D:2:      layout_basic, serial_co_window_serial, co_window_of_opportunity_a,
          co_window_corner_a, co_window_corner_a, co_window_paths_a,
          co_window_corner_a, co_window_corner_cb, co_window_unsneaky_path_c,
          co_window_unsneaky_path_b, co_window_sun, glass_columns_b,
          glass_columns_c, minmay_pentomino_r2, uniq_jessica
D:3:      layout_basic, uniq_grinder
D:4:      layout_basic, fedhas_ov_isle_minmay,
          nicolae_gozag_cash_rules_everything_around_me
D:5:      layout_layer_cave, grunt_temple_overflow_open, elyvilon_altar_5,
          minmay_temple_entry_statues_fountains
D:6:      layout_basic, grunt_decor_junction
Temple:   jpeg_temple_alley_garden

Skill      XL: |  1  2  3  4  5  6  7 |
---------------+----------------------+-----
Necromancy     | 5 6 7 8 9 |  9.1
Dodging        | 2 |  2.6
Fighting       | 1 |  1.8
Armour         | 1 |  1.7
Invocations    | 2 |  2.0
Stealth        | |  1.7
Spellcasting   | |  2.8

Action                   |  1- 3 |  4- 6 |  7- 9 || total
-------------------------+-------+-------+-------++-------
Melee: Mace              |    78 |    37 |       ||   115
       Whip              |    28 |    93 |    44 ||   165
 Cast: Pain              |    42 |    83 |    18 ||   143
       Animate Skeleton  |    11 |    15 |     4 ||    30
       Vampiric Draining |       |     2 |    10 ||    12
  Use: Scroll            |     6 |     9 |     1 ||    16
       Potion            |       |     1 |       ||     1
 Stab: Sleeping          |     3 |     1 |       ||     4
       Distracted        |       |     1 |       ||     1
Armor: Ring mail         |    27 |       |       ||    27
       Robe              |     7 |    47 |    15 ||    69
Dodge: Dodged            |   102 |   111 |    51 ||   264

Table legend: (Time is in decaauts)
 A = Elapsed time spent in this place.
 B = Non-inter-level travel time spent in this place.
 C = Inter-level travel time spent in this place.
 D = Time resting spent in this place.
 E = Time spent auto-exploring this place.
 F = Levels seen in this place.
 G = Mean time per level.
                   A        B        C        D        E       F      G
               +--------+--------+--------+--------+--------+-----+--------+
         Total |   7242 |   7064 |    178 |   2519 |   1952 |   7 | 1034.6 |
       Dungeon |   7000 |   6855 |    145 |   2473 |   1840 |   6 | 1166.7 |
        Temple |    241 |    208 |     33 |     46 |    112 |   1 |  241.0 |
               +--------+--------+--------+--------+--------+-----+--------+

Top non-repeatable levels by time:
     D:2: 1894 daAuts
     D:5: 1496 daAuts
     D:4: 1387 daAuts
     D:1: 1349 daAuts
     D:3: 467 daAuts
     D:6: 404 daAuts
  Temple: 241 daAuts
